 Dungeon Crawl Stone Soup version 0.29.0-4-gdea44cf6ec (webtiles) character file.

Game seed: 3385578873434674229

5 qw the Sneak (level 1, -3/14 HPs)
             Began as a Gargoyle Delver on Sept 10, 2022.
             Slain by an ogre
             ... wielding a +0 giant club
              (8 damage)
             ... on level 4 of the Dungeon.
             The game lasted 00:00:07 (439 turns).

qw the Sneak (Gargoyle Delver)                       Turns: 439, Time: 00:00:07

Health: -3/14      AC:  5    Str: 15    XL:     1   Next: 80%
Magic:  1/1        EV: 11    Int: 10    God:
Gold:   18         SH:  0    Dex: 11    Spells: 0/0 levels left

rFire   . . .      SeeInvis .   Y - +0 hand axe
rCold   . . .      Faith    .   (no shield)
rNeg    + . .      Spirit   .   b - +0 leather armour
rPois   inf        Reflect  .   (no helmet)
rElec   +          Harm     .   (no cloak)
rCorr   .          Rampage  .   (no gloves)
Will    .....                   (no boots)
Stlth   +++.......              (no amulet)
HPRegen 0.04/turn               (no ring)
MPRegen 0.07/turn               (no ring)

@: no status effects
A: sickness immunity, AC +2, negative energy resistance 1, electricity
resistance, torment resistance 1, petrification resistance
a: no special abilities


You were on level 4 of the Dungeon.
You visited 1 branch of the dungeon, and saw 2 of its levels.

You collected 18 gold pieces.


Innate Abilities, Weirdness & Mutations

You are immune to sickness and miasma.
Your stone body is resilient. (AC +2)
You are immune to poison.
You resist negative energy. (rN+)
You are resistant to electric shocks. (rElec)
You are resistant to unholy torment.
You are immune to petrification.


   Skills:
 - Level 3.2 Fighting
 + Level 2.2 Axes
 - Level 1.5 Dodging
 - Level 5.4 Stealth


You couldn't memorise any spells.
You didn't know any spells.
Your spell library was empty.

Inventory:

Hand Weapons
 h - a +0 mace
 Y - a +0 hand axe (weapon)
Armour
 b - a +0 leather armour (worn)
Wands
 g - a wand of digging (3)
Potions
 f - a potion of haste

Dungeon Overview and Level Annotations

Branches:
Dungeon (5/15)
 Temple: D:4-7

Altars:


Message History

The adder hisses angrily.
You hit the ogre.
The ogre is lightly wounded.
A hound comes into view.
The ogre closely misses you.
You hit the ogre.
The ogre is lightly wounded.
You barely miss the adder. The adder barely misses you.
You barely miss the ogre.
The ogre is lightly wounded.
You hit the adder. The ogre barely misses you. The adder bites you. x2
You hit the ogre.
The ogre is moderately wounded.
You hit the quokka. You barely miss the adder.
The quokka bites you but does no damage.
The ogre misses you. The adder barely misses you.
The quokka bites you but does no damage.
You hit the quokka.
You kill the quokka!
You hit the ogre. You barely miss the adder. The adder barely misses you.
The ogre closely misses you. The adder closely misses you.
You hit the ogre.
The ogre is heavily wounded.
You miss the hound. You hit the adder. The hound bites you.
The adder bites you but does no damage. The hound closely misses you.
The ogre closely misses you.
You barely miss the ogre.
The ogre is heavily wounded.
You closely miss the hound. You closely miss the adder. The adder misses you.
The hound barely misses you. The hound completely misses you.
The adder bites you but does no damage.
You barely miss the ogre.
The ogre is heavily wounded.
You barely miss the hound. You miss the adder.
The ogre hits you with a +0 giant club!
Ouch! That really hurt!
You die...

##### ##...##
#
#...@O#.#.#..
#...hS......#
#.....#.#....
##...## # ..
##... #.#. #.
. ## ##


You could see an ogre, a hound and an adder.

Vanquished Creatures
  2 orcs (D:5)
  A quokka (D:4)
3 creatures vanquished.

Notes
Turn   | Place    | Note
-------+----------+-------------------------------------------
     0 | D:5      | qw the Gargoyle Delver began the quest for the Orb.
     0 | D:5      | Reached XP level 1. HP: 14/14 MP: 1/1
     0 | D:5      | 0 ||| qw: Version: 0.1-a-116-g5d60599
     0 | D:5      | 0 ||| qw: Game counter: 7724
     0 | D:5      | 0 ||| qw: Always use a shield: true
     0 | D:5      | 0 ||| qw: God list: Okawaru
     0 | D:5      | 0 ||| qw: Allow faded altars: false
     0 | D:5      | 0 ||| qw: Do Orc after D:15 true
     0 | D:5      | 0 ||| qw: Do second Lair branch before Depths: true
     0 | D:5      | 0 ||| qw: Lair rune preference: random
     0 | D:5      | 0 ||| qw: Plans: Normal
     0 | D:5      | 0 ||| PLANNING D:1-11
    50 | D:5      | Noticed an orc priest
    51 | D:5      | 51 ||| Stepping ~*~*~tactically~*~*~ (stealth).
   187 | D:5      | 187 ||| Stepping ~*~*~tactically~*~*~ (stealth).
   188 | D:5      | 188 ||| Stepping ~*~*~tactically~*~*~ (stealth).
   197 | D:5      | 197 ||| Stepping ~*~*~tactically~*~*~ (stealth).
   199 | D:5      | 199 ||| Stepping ~*~*~tactically~*~*~ (stealth).
   201 | D:5      | 201 ||| Stepping ~*~*~tactically~*~*~ (stealth).
   203 | D:5      | 203 ||| Stepping ~*~*~tactically~*~*~ (stealth).
   261 | D:5      | Noticed a scorpion
   262 | D:5      | 262 ||| Stepping ~*~*~tactically~*~*~ (stealth).
   413 | D:5      | 413 ||| READING scroll labelled ZIRUNA KEMNU.
   414 | D:5      | 414 ||| DROPPING scroll of fog.
   415 | D:5      | 415 ||| DROPPING scroll of magic mapping.
   416 | D:5      | 416 ||| DROPPING scroll of fear.
   425 | D:4      | 425 ||| PLANNING OSSUARY
   425 | D:4      | Noticed an ogre
   432 | D:4      | Noticed a hound
   439 | D:4      | Slain by an ogre

Levels and vault maps discovered:
D:4:      layout_loops_corners, tso_oasis_becter, enter_ossuary_1
D:5:      minmay_inner_zag, layout_layer_cave, regret_index_temple_of_mockery,
          uniq_ijyb, uniq_prince_ribbit1, uniq_menkaure

Skill      XL: |  1 |
---------------+----+-----
Axes           | 2 |  2.2
Fighting       | |  3.2
Dodging        | |  1.5
Stealth        | |  5.4

Action                   || total
-------------------------++-------
Melee: Hand axe          ||    19
  Use: Scroll            ||     1
Armor: Leather armour    ||     6
Dodge: Dodged            ||    15

Table legend:
 A = Non-vault XP
 B = Vault XP
 C = Vault XP percentage of total XP
 D = Non-vault monster count
 E = Vault monster count
 F = Vault count percentage of total count
                 A         B        C        D         E       F
            +---------+---------+-------+---------+---------+-------
      Total |       8 |       0 |   0.0 |       3 |       0 |   0.0
            +---------+---------+-------+---------+---------+-------
        D:4 |       2 |       0 |   0.0 |       1 |       0 |   0.0
        D:5 |       6 |       0 |   0.0 |       2 |       0 |   0.0
            +---------+---------+-------+---------+---------+-------
